 Dungeon Crawl Stone Soup version 0.30-a0-469-g84de5afbc5 (webtiles) character file.

Game seed: 8036207844649007305

633 greasedhog the Shield-Bearer (level 7, 0/60 HPs)
             Began as a Gnoll Fighter on Dec 19, 2022.
             Slain by Pikel
             ... wielding a +0 whip of flaming
              (12 damage)
             ... on level 5 of the Dungeon.
             The game lasted 00:04:17 (3763 turns).

greasedhog the Shield-Bearer (Gnoll Fighter)        Turns: 3763, Time: 00:04:18

Health: 0/60       AC:  9    Str: 15    XL:     7   Next: 49%
Magic:  10/10      EV: 10    Int:  8    God:
Gold:   105        SH:  6    Dex: 13    Spells: 11/11 levels left

rFire   . . .      SeeInvis .    u - +0 scimitar
rCold   . . .      Faith    .    c - +0 buckler
rNeg    + . .      Spirit   .    b - +0 scale mail
rPois   .          Reflect  .    o - +0 helmet
rElec   .          Harm     .    (no cloak)
rCorr   .          Rampage  .    (no gloves)
Will    .....                    (no boots)
Stlth   +.........               (no amulet)
HPRegen 0.30/turn                t - ring of positive energy
MPRegen 0.12/turn                (no ring)

@: mighty
A: fangs 1, strong nose, distributed training
a: no special abilities


You were on level 5 of the Dungeon.
You visited 1 branch of the dungeon, and saw 5 of its levels.

You collected 277 gold pieces.
You spent 172 gold pieces at shops.

Inventory:

Hand Weapons
 u - a +0 scimitar (weapon)
Armour
 b - a +0 scale mail (worn)
 c - a +0 buckler (worn)
 o - a +0 helmet (worn)
Jewellery
 e - a ring of magical power
 n - a ring of wizardry
 t - a ring of positive energy (left hand)
Scrolls
 a - a scroll of enchant weapon {unknown}
 j - a scroll of immolation
 m - 5 scrolls of fog
 q - a scroll of fear
 r - 3 scrolls of teleportation
Potions
 d - a potion of might
 f - 2 potions of heal wounds
 g - a potion of resistance
 h - a potion of cancellation
 i - 2 potions of haste
 k - a potion of invisibility {unknown}
 l - 5 potions of curing {unknown}
 p - 2 potions of degeneration {unknown}
 s - a potion of magic {unknown}
 v - a potion of brilliance {unknown}


   Skills:
 + Level 7.1 Fighting
 + Level 2.6 Short Blades
 + Level 5.3 Long Blades
 + Level 2.6 Axes
 + Level 2.6 Maces & Flails
 + Level 2.6 Polearms
 + Level 2.6 Staves
 + Level 2.6 Ranged Weapons
 + Level 2.6 Throwing
 + Level 7.1 Armour
 + Level 2.6 Dodging
 + Level 2.6 Stealth
 + Level 7.1 Shields
 + Level 2.6 Unarmed Combat
 + Level 2.6 Spellcasting
 + Level 2.1 Conjurations
 + Level 2.1 Hexes
 + Level 2.1 Summonings
 + Level 2.1 Necromancy
 + Level 2.1 Translocations
 + Level 2.1 Transmutations
 + Level 2.1 Fire Magic
 + Level 2.1 Ice Magic
 + Level 2.1 Air Magic
 + Level 2.1 Earth Magic
 + Level 2.1 Poison Magic
 + Level 2.9 Invocations
 + Level 2.6 Evocations


You had 11 spell levels left.
You didn't know any spells.
Your spell library contained the following spells:

 Spells                   Type           Power      Damage    Failure   Level
 Magic Dart               Conj           16%        1d3       52%         1
 Call Imp                 Summ           4%         N/A       65%         2
 Scorch                   Fire           8%         2d5       65%         2
 Ignite Poison            Fire/Tmut/Pois 4%         N/A       87%         3
 Kindle Blastsparks       Fire/Tloc/Air  8%         2d10      87%         3
 Mephitic Cloud           Conj/Pois/Air  4%         N/A       87%         3
 Flame Wave               Conj/Fire      4%         2d5       99%         4
 Freezing Cloud           Conj/Ice/Air   2%         6-21      100%        5
 Summon Cactus Giant      Summ           2%         N/A       100%        6


Dungeon Overview and Level Annotations

Branches:
Dungeon (5/15)
 Temple: D:4-7

Altars:

Shops:
D:3 ?   D:4 :?[

Annotations:
D:5 Pikel


Innate Abilities, Weirdness & Mutations

You have very sharp teeth.
Your uncanny sense of smell can sniff out nearby items.
Your experience applies equally to all skills.


Message History

Pikel hits you with a +0 whip of flaming!
* * * LOW HITPOINT WARNING * * *
Pikel burns you.
* * * LOW HITPOINT WARNING * * *
Pikel hits you with a +0 whip of flaming.
* * * LOW HITPOINT WARNING * * *
Pikel burns you.
* * * LOW HITPOINT WARNING * * *
You feel much better.
Pikel hits you with a +0 whip of flaming!
* * * LOW HITPOINT WARNING * * *
Pikel burns you.
* * * LOW HITPOINT WARNING * * *
You completely miss Pikel.
Pikel is moderately wounded.
You block Pikel's attack. Pikel hits you but does no damage.
You slash Pikel!
Pikel is heavily wounded.
Pikel closely misses you.
Pikel hits you with a +0 whip of flaming.
* * * LOW HITPOINT WARNING * * *
Pikel burns you.
* * * LOW HITPOINT WARNING * * *
You hit Pikel.
Pikel is heavily wounded.
Pikel hits you but does no damage.
You closely miss Pikel.
Pikel is heavily wounded.
Pikel hits you but does no damage. You block Pikel's attack.
You barely miss Pikel.
Pikel is heavily wounded.
Pikel closely misses you. Pikel barely misses you.
You closely miss Pikel.
Pikel is heavily wounded.
Pikel barely misses you.
You closely miss Pikel.
Pikel is heavily wounded.
Pikel barely misses you.
Pikel hits you with a +0 whip of flaming!
You die...

..# #.# # # ##.##>#
#5K###...#.# ..5........#
#555# ##5## .. #K# ... ∆.
#@## ... ##. #..#. ...
#.. ##.#[ ### #.# #.#
#.#.####### #.. #.# #.#
#.#.......# #.#
##.###.#######.#.....#.#
#.#
##...##.##..........#.#.#
#.#
#......#................#
#.#
#....##.###.###.###.#.#.#
#.#


You could see Pikel (berserk) and 4 lemures.

Vanquished Creatures
  An ogre (D:5)
  3 scorpions
  A jelly (D:4)
  An orc priest (D:4)
  3 hounds
  3 iguanas
  7 adders
  A worm (D:3)
  4 dart slugs
  4 orcs
  3 bats
  7 endoplasms
  4 giant cockroaches
  6 goblins
  5 hobgoblins
  4 jackals (D:2)
  6 kobolds
  A quokka (D:4)
  8 ball pythons
  3 frilled lizards
  7 rats
82 creatures vanquished.

Notes
Turn   | Place    | Note
-------+----------+-------------------------------------------
     0 | D:1      | greasedhog the Gnoll Fighter began the quest for the Orb.
     0 | D:1      | Reached XP level 1. HP: 23/23 MP: 1/1
    43 | D:1      | Found a faded altar of an unknown god.
    49 | D:1      | Reached XP level 2. HP: 29/29 MP: 2/2
   196 | D:1      | Reached XP level 3. HP: 32/35 MP: 3/3
   535 | D:2      | Reached skill level 1 in Invocations
   610 | D:2      | Reached skill level 1 in Short Blades
   610 | D:2      | Reached skill level 1 in Axes
   610 | D:2      | Reached skill level 1 in Maces & Flails
   610 | D:2      | Reached skill level 1 in Polearms
   610 | D:2      | Reached skill level 1 in Staves
   610 | D:2      | Reached skill level 1 in Ranged Weapons
   610 | D:2      | Reached skill level 1 in Throwing
   610 | D:2      | Reached skill level 1 in Dodging
   610 | D:2      | Reached skill level 1 in Stealth
   610 | D:2      | Reached skill level 1 in Unarmed Combat
   610 | D:2      | Reached skill level 1 in Spellcasting
   610 | D:2      | Reached skill level 1 in Evocations
   691 | D:2      | Reached XP level 4. HP: 39/41 MP: 5/5
  1147 | D:2      | Reached skill level 1 in Conjurations
  1147 | D:2      | Reached skill level 1 in Hexes
  1147 | D:2      | Reached skill level 1 in Summonings
  1147 | D:2      | Reached skill level 1 in Necromancy
  1147 | D:2      | Reached skill level 1 in Translocations
  1147 | D:2      | Reached skill level 1 in Transmutations
  1147 | D:2      | Reached skill level 1 in Fire Magic
  1147 | D:2      | Reached skill level 1 in Ice Magic
  1147 | D:2      | Reached skill level 1 in Air Magic
  1147 | D:2      | Reached skill level 1 in Earth Magic
  1147 | D:2      | Reached skill level 1 in Poison Magic
  1274 | D:3      | Found Dygimauc's Magic Scroll Emporium.
  1281 | D:3      | Bought a scroll of identify for 28 gold pieces
  1281 | D:3      | Bought a scroll of identify for 28 gold pieces
  1281 | D:3      | Bought a scroll of identify for 28 gold pieces
  1824 | D:4      | Reached XP level 5. HP: 46/47 MP: 5/7
  1958 | D:4      | Found Efipoewk's Antique Armour Boutique.
  2001 | D:4      | Reached XP level 6. HP: 42/53 MP: 8/8
  2007 | D:4      | Reached skill level 5 in Long Blades
  2125 | D:4      | Found Nitait's Magic Scroll Boutique.
  2128 | D:4      | Bought a scroll of identify for 22 gold pieces
  2128 | D:4      | Bought a scroll of identify for 22 gold pieces
  2128 | D:4      | Bought a scroll of identify for 22 gold pieces
  2128 | D:4      | Bought a scroll of identify for 22 gold pieces
  2816 | D:4      | Found Waascharo's Book Shop.
  3057 | D:5      | Entered Level 5 of the Dungeon
  3174 | D:5      | Reached XP level 7. HP: 57/60 MP: 10/10
  3739 | D:5      | Noticed Pikel
  3763 | D:5      | Slain by Pikel

Illustrated notes

Levels and vault maps discovered:
D:1:      shiori_arrival_elements, layout_basic,
          shapermc_ecumenical_altar_pompeii
D:2:      layout_basic
D:3:      layout_basic, serial_shops, shop
D:4:      layout_loops_corners, serial_shops, nicolae_shop_behind_doors,
          kennysheep_little_box, shop, kennysheep_generic_room_8
D:5:      layout_loops_ring, old_standard_altar, uniq_pikel, uniq_edmund

Skill      XL: |  1  2  3  4  5  6  7 |
---------------+----------------------+-----
Invocations    | 1 2 |  2.9
Short Blades   | 1 2 |  2.6
Axes           | 1 2 |  2.6
Maces & Flails | 1 2 |  2.6
Polearms       | 1 2 |  2.6
Staves         | 1 2 |  2.6
Ranged Weapons | 1 2 |  2.6
Throwing       | 1 2 |  2.6
Dodging        | 1 2 |  2.6
Stealth        | 1 2 |  2.6
Unarmed Combat | 1 2 |  2.6
Spellcasting   | 1 2 |  2.6
Evocations     | 1 2 |  2.6
Conjurations   | 1 2 |  2.1
Hexes          | 1 2 |  2.1
Summonings     | 1 2 |  2.1
Necromancy     | 1 2 |  2.1
Translocations | 1 2 |  2.1
Transmutations | 1 2 |  2.1
Fire Magic     | 1 2 |  2.1
Ice Magic      | 1 2 |  2.1
Air Magic      | 1 2 |  2.1
Earth Magic    | 1 2 |  2.1
Poison Magic   | 1 2 |  2.1
Long Blades    | 5 |  5.3
Fighting       | 7 |  7.1
Armour         | 7 |  7.1
Shields        | 7 |  7.1

Action                   |  1- 3 |  4- 6 |  7- 9 || total
-------------------------+-------+-------+-------++-------
Melee: Long sword        |   103 |   168 |       ||   271
       Bite              |     7 |    22 |     8 ||    37
       Scimitar          |       |    13 |    53 ||    66
  Use: Scroll            |       |     9 |       ||     9
       Potion            |       |       |     2 ||     2
Armor: Scale mail        |    48 |    82 |    11 ||   141
Dodge: Dodged            |    38 |    94 |    25 ||   157
Block: Buckler           |    31 |    42 |    10 ||    83

Table legend: (Time is in decaauts)
 A = Elapsed time spent in this place.
 B = Non-inter-level travel time spent in this place.
 C = Inter-level travel time spent in this place.
 D = Time resting spent in this place.
 E = Time spent auto-exploring this place.
 F = Levels seen in this place.
 G = Mean time per level.
                   A        B        C        D        E       F      G
               +--------+--------+--------+--------+--------+-----+--------+
         Total |   3827 |   3705 |    122 |    386 |   2648 |   5 |  765.4 |
       Dungeon |   3827 |   3705 |    122 |    386 |   2648 |   5 |  765.4 |
               +--------+--------+--------+--------+--------+-----+--------+

Top non-repeatable levels by time:
     D:4: 1277 daAuts
     D:2: 812 daAuts
     D:5: 717 daAuts
     D:3: 533 daAuts
     D:1: 486 daAuts
